 Dungeon Crawl Stone Soup version 0.25.0-26-g0c896c7088 (webtiles) character file.

Game seed: 3899823001954016472

4797 protoss039 the Covert (level 10, -2/53 HPs)
             Began as a Vampire Enchanter on July 4, 2020.
             Was a Priest of Dithmenos.
             Slain by Gastronok (14 damage)
             ... on level 9 of the Dungeon.
             The game lasted 00:48:35 (10368 turns).

protoss039 the Covert (Vampire Enchanter)          Turns: 10368, Time: 00:48:36

Health: -2/53      AC: 12    Str: 17    XL:     10   Next: 24%
Magic:  16/20      EV: 14    Int: 18    God:    Dithmenos [***...]
Gold:   510        SH:  5    Dex: 18    Spells: 11/23 levels left

rFire    . . .     SeeInvis +   H - +6 dagger (drain)
rCold    + . .     Gourm    .   (no shield)
rNeg     + + +     Faith    .   d - +0 leather armour
rPois    ∞         Spirit   .   n - +1 helmet
rElec    .         Reflect  +   A - +4 cloak of the Butterfly {rC- Str+4}
rCorr    .         Harm     .   D - +0 pair of gloves
MR       +....                  (no boots)
Stlth    +++++++++.             g - amulet of reflection
HPRegen  0.00/turn              e - +6 ring of strength
MPRegen  0.17/turn              q - ring of poison resistance

@: confusing touch, bloodless, wreathed by umbra
A: no food, fangs 3, see invisible, unbreathing
a: Bat Form, Revivify, Shadow Step, Renounce Religion


You were on level 9 of the Dungeon.
You worshipped Dithmenos.
Dithmenos was most pleased with you.
You were bloodless.

You visited 2 branches of the dungeon, and saw 10 of its levels.
You also visited: Bailey.

You collected 510 gold pieces.

Inventory:

Hand Weapons
 u - a +1 dagger of venom
 x - a +0 dagger of flaming
 H - a +6 dagger of draining (weapon)
Missiles
 a - 7 poisoned darts
 t - 16 boomerangs (quivered)
Armour
 d - a +0 leather armour (worn)
 n - a +1 helmet (worn)
 A - the +4 cloak of the Butterfly (worn) {rC- Str+4}
   (You found it on level 5 of the Dungeon)

   It affects your strength (+4).
   It makes you vulnerable to cold.
 D - a +0 pair of gloves (worn)
Jewellery
 c - an uncursed ring of teleportation
 e - a +6 ring of strength (left hand)
 g - an amulet of reflection (around neck)
 q - a ring of poison resistance (right hand)
 s - an uncursed ring of fire
Wands
 B - a wand of clouds (5)
 K - a wand of disintegration (6)
 L - a wand of acid (10)
Scrolls
 b - a scroll of enchant armour
 f - 3 scrolls of teleportation
 j - 4 scrolls of amnesia
 o - a scroll of magic mapping
 r - 3 scrolls of immolation
 v - a scroll of fog
 y - 6 scrolls of remove curse
 z - a scroll of identify
 F - a scroll of fear
 J - a scroll of brand weapon
Potions
 h - 4 potions of lignification
 i - a potion of curing
 k - a potion of degeneration {unknown}
 l - 4 potions of flight {unknown}
 m - a potion of invisibility {unknown}
 p - a potion of magic {unknown}
 w - 3 potions of brilliance
 E - a potion of resistance {unknown}
 G - 2 potions of mutation {unknown}
 I - a potion of might {unknown}


   Skills:
 * Level 2.1 Fighting
 * Level 4.5 Short Blades
 - Level 4.0 Armour
 * Level 4.5 Dodging
 + Level 10.8 Stealth
 + Level 7.0 Spellcasting
 + Level 9.7 Hexes
 + Level 1.9 Ice Magic
 * Level 4.6 Invocations


You had 11 spell levels left.
You knew the following spells:

 Your Spells              Type           Power        Failure   Level  Hunger
a - Corona                Hex            #####..      1%          1    N/A
b - Confusing Touch       Hex            #####...     1%          3    N/A
c - Ensorcelled Hibernat  Hex/Ice        ####..       1%          2    N/A
d - Tukima's Dance        Hex            #####...     1%          3    N/A
e - Dazzling Flash        Conj/Hex       ###...       5%          3    N/A

Your spell library contained the following spells:

 Spells                   Type           Power        Failure   Level  Hunger
 Shock                    Conj/Air       #...         13%         1    N/A
 Ignite Poison            Fire/Tmut/Pois #.......     36%         3    N/A
 Bolt of Magma            Conj/Fire/Erth #.........   98%         5    N/A
 Fireball                 Conj/Fire      #.........   98%         5    N/A
 Lee's Rapid Deconstruct  Erth           #.........   98%         5    N/A
 Starburst                Conj/Fire      #.........   100%        6    N/A
 Ring of Flames           Chrm/Fire      #.........   100%        7    N/A
 Ignition                 Fire           #.........   100%        8    N/A
 Shatter                  Erth           #.........   100%        9    N/A

Dungeon Overview and Level Annotations

Branches:
Dungeon (9/15)             Temple (1/1) D:4          Bailey (visited)
   Lair: D:8-11         Orc: D:9-12

Altars:
Ashenzari
Cheibriados
Dithmenos
Elyvilon
Fedhas
Gozag
Hepliaklqana
Kikubaaqudgha
Makhleb
Nemelex Xobeh
Okawaru
Qazlal
Ru
Sif Muna
Trog
Uskayaw
Vehumet
Wu Jian
Xom
Yredelemnul
Zin
The Shining One

Shops:
D:8 :

Annotations:
D:3 1 exclusion
D:7 1 exclusion
D:9 Gastronok


Innate Abilities, Weirdness & Mutations

You do not eat.
You do not regenerate when monsters are visible.
You are frail without blood (-20% HP).
You can heal yourself when you bite living creatures.
You are immune to poison.
You have razor-sharp teeth.
You have supernaturally acute eyesight. (SInv)
You can survive without breathing.


Message History

Aim: Gastronok, wearing a +1 hat of see invisible (severely wounded, lightly drained, chance to confuse on hit: 21%, umbra, chance to defeat MR: 29%) Gastronok is outlined in light.
Gastronok waves his eye-stalks in wide circles.
The air twists around and strikes you!!
* * * LOW HITPOINT WARNING * * *
Unknown command.
Unknown command.
You hit Gastronok but do no damage.
Gastronok is severely wounded.
Unknown command.
You hit Gastronok but do no damage. You bite Gastronok, but do no damage.
Gastronok is severely wounded.
Unknown command.
Okay, then.
Unknown command.
Unknown command.
You hit Gastronok but do no damage.
Gastronok is severely wounded.
Gastronok bites you!
You die...

#.†###
##'#####
#......#
#......#
#......#
..####
#......# ....#
#......+
#..####......#
#w@..'.)....#
######......#
#.%....#
##+#####


You could see Gastronok (drained, corona).

Vanquished Creatures
  Harold (D:7)
  A troll (D:8)
  2 hippogriffs
  Sigmund (D:3)
  A wyvern (D:8)
  A dancing weapon (D:7)
  A sky beast (D:6)
  An orc warrior (D:7)
  An ice beast (D:8)
  2 necrophages
  4 phantoms
  An eye of draining (D:8)
  3 ogres
  3 centaurs
  A bullfrog (D:9)
  5 gnoll sergeants (Bailey)
  4 scorpions
  2 crimson imps (D:6)
  A quasit (D:8)
  7 hounds
  5 gnoll shamans (Bailey)
  5 orc priests
  A centaur skeleton (D:8)
  An iguana (D:8)
  4 orc wizards (D:4)
  8 worker ants
  2 hound skeletons (D:8)
  A howler monkey zombie (D:4)
  20 gnolls
  2 adders (D:4)
  An ooze (D:6)
  An adder zombie (D:5)
  2 adder skeletons
  2 worms
  A dart slug (D:1)
  4 leopard geckos
  38 orcs
  3 giant cockroaches
  3 goblins
  A hobgoblin (D:2)
  5 jackals
  3 kobolds
  6 quokkas
  3 ball pythons
  6 bats
  4 frilled lizards
  A quokka zombie (D:5)
  5 rats
181 creatures vanquished.

Vanquished Creatures (collateral kills)
  3 gnoll sergeants (Bailey)
  A gnoll shaman (Bailey)
  An orc wizard (D:5)
  5 gnolls
  7 orcs
17 creatures vanquished.

Vanquished Creatures (others)
  6 dancing weapons
  A quokka (D:8)
7 creatures vanquished.

Grand Total: 205 creatures vanquished

Notes
Turn   | Place    | Note
-------+----------+-------------------------------------------
     0 | D:1      | protoss039 the Vampire Enchanter began the quest for the
                  | Orb.
     0 | D:1      | Reached XP level 1. HP: 13/13 MP: 3/3
   267 | D:1      | Reached skill level 5 in Stealth
   267 | D:1      | Reached XP level 2. HP: 16/19 MP: 0/5
  1285 | D:2      | Found an iron altar of Okawaru.
  1320 | D:2      | Noticed an ogre
  1356 | D:2      | Killed an ogre
  1356 | D:2      | Reached skill level 5 in Hexes
  1356 | D:2      | Reached XP level 3. HP: 22/22 MP: 5/7
  1356 | D:2      | Reached XP level 4. HP: 27/27 MP: 5/8
  1735 | D:2      | Learned a level 3 spell: Confusing Touch
  1738 | D:2      | Learned a level 2 spell: Ensorcelled Hibernation
  1812 | D:3      | Noticed Sigmund
  1864 | D:3      | Killed Sigmund
  1864 | D:3      | Reached skill level 1 in Armour
  1864 | D:3      | Reached skill level 6 in Stealth
  1864 | D:3      | Reached XP level 5. HP: 31/36 MP: 9/9
  2115 | D:3      | Reached XP level 6. HP: 40/42 MP: 8/10
  2185 | D:3      | Found a faded altar of an unknown god.
  2655 | D:3      | Learned a level 3 spell: Tukima's Dance
  2869 | D:4      | Found a staircase to the Ecumenical Temple.
  2891 | Temple   | Entered the Ecumenical Temple
  3091 | Temple   | Became a worshipper of Dithmenos the Shadowed
  3823 | D:4      | Reached skill level 1 in Fighting
  4112 | D:4      | Reached XP level 7. HP: 38/38 MP: 12/12
  4607 | D:4      | Reached skill level 7 in Stealth
  4728 | D:4      | Learned a level 3 spell: Dazzling Flash
  4729 | D:5      | Entered Level 5 of the Dungeon
  5305 | D:4      | Reached skill level 1 in Ice Magic
  5645 | D:5      | Reached * piety under Dithmenos
  5669 | D:4      | Reached skill level 1 in Invocations
  5999 | D:5      | Reached skill level 5 in Spellcasting
  6002 | D:5      | Reached XP level 8. HP: 35/43 MP: 11/15
  6017 | D:5      | Got an ichor-stained cloak
  6023 | D:5      | Identified the +4 cloak of the Butterfly {rC- Str+4} (You
                  | found it on level 5 of the Dungeon)
  6157 | D:5      | Found a shimmering altar of Xom.
  6561 | D:6      | Reached skill level 8 in Stealth
  6693 | D:6      | Found a hide-covered altar of Uskayaw.
  7148 | D:6      | Found a sparkling altar of Nemelex Xobeh.
  7223 | D:7      | Noticed Harold
  7246 | D:7      | Killed Harold
  7246 | D:7      | Reached skill level 9 in Stealth
  7246 | D:7      | Reached XP level 9. HP: 48/48 MP: 4/17
  7463 | D:7      | Found an ornate altar of the Wu Jian Council.
  7674 | D:7      | Reached ** piety under Dithmenos
  8807 | D:8      | Reached skill level 10 in Stealth
  8816 | D:7      | Found a hide-covered altar of Uskayaw.
  8888 | D:8      | Noticed a troll
  8892 | D:8      | Killed a troll
  8895 | D:8      | Found a flagged portal.
  8929 | D:8      | Found Kiloka's Book Boutique.
  8974 | Bailey   | Entered a bailey
  9351 | Bailey   | Reached XP level 10. HP: 53/53 MP: 20/20
  9354 | Bailey   | Reached *** piety under Dithmenos
  9608 | Bailey   | Identified the Tome of Earthen Flight
  9914 | D:8      | Found a white marble altar of Elyvilon.
 10045 | D:8      | Found a stormy altar of Qazlal.
 10047 | D:8      | Found a bloodstained altar of Trog.
 10358 | D:9      | Noticed Gastronok
 10368 | D:9      | Slain by Gastronok

Illustrated notes

Levels and vault maps discovered:
D:1:      lemuel_arrival_room, layout_loops_ring, chequers_serial_rivers_large_a
D:2:      layout_basic, okawaru_ov_weapons_minmay
D:3:      layout_loops_ring, chequers_ecumenical_altar_twisty, uniq_sigmund
D:4:      layout_cave_pods, minmay_temple_entry_butterflies
D:5:      layout_cave_pools, kennysheep_mini, first_ration
D:6:      layout_basic, lemuel_coloured_pillars_altar, nemelex_dance_club_becter
D:7:      lemuel_upstairs_altar, layout_basic, overflow_temple_1_default,
          uniq_harold
D:8:      layout_basic, elyvilon_altar_4, grunt_temple_overflow_open,
          serial_shops, kennysheep_mini_moat, enter_bailey_2
D:9:      layout_roguey, the_bakery, evilmike_ruin_ashenzari, uniq_gastronok
Temple:   eino_temple_scatter_basement

Skill      XL: |  1  2  3  4  5  6  7  8  9 10 |
---------------+-------------------------------+-----
Stealth        | 5 6 7 9 10 | 10.8
Short Blades   | 2 3 4 |  4.5
Hexes          | 5 6 7 9 |  9.7
Armour         | 1 3 4 |  4.0
Dodging        | 3 4 |  4.5
Spellcasting   | 3 5 6 7 |  7.0
Fighting       | 1 2 |  2.1
Ice Magic      | 1 |  1.9
Invocations    | 1 3 4 |  4.6

Action                   |  1- 3 |  4- 6 |  7- 9 | 10-12 || total
-------------------------+-------+-------+-------+-------++-------
Melee: Dagger            |    71 |   120 |   262 |    82 ||   535
       Bite              |     5 |    13 |    34 |     9 ||    61
 Cast: Corona            |    18 |    21 |    30 |    13 ||    82
       Ensorcelled Hiber |       |    21 |    50 |     3 ||    74
       Tukima's Dance    |       |     3 |    37 |    17 ||    57
       Confusing Touch   |       |     1 |    21 |     2 ||    24
 Abil: Exsanguinate      |     1 |     1 |       |       ||     2
       Revivify          |     1 |       |       |       ||     1
  Use: Scroll            |       |     4 |     7 |     4 ||    15
       Potion            |       |       |     5 |       ||     5
 Stab: Sleeping          |     3 |    22 |    49 |    15 ||    89
       Confused          |       |     1 |    12 |     1 ||    14
       Distracted        |       |       |     1 |     1 ||     2
Armor: Robe              |     9 |       |       |       ||     9
       Leather armour    |     5 |    16 |    53 |    17 ||    91
Dodge: Dodged            |    56 |    54 |   153 |    55 ||   318
Block: Other             |       |    17 |    65 |    15 ||    97
       Reflection        |       |       |     4 |     1 ||     5
